 Dungeon Crawl Stone Soup version bcrawl-1.27.8b (webtiles) character file.

Game seed: 5014291390433856018

126415 Queen the Ruffian (level 4, -3/44 HPs)
             Began as a Troll Berserker on Nov 4, 2020.
             Was a Believer of Trog.
             Slain by an orc warrior
             ... wielding a +0 morningstar
              (23 damage)
             ... on level 2 of the Dungeon.
             The game lasted 00:04:26 (1871 turns).

Queen the Ruffian (Troll Berserker)                 Turns: 1871, Time: 00:04:26

Health: -3/44      AC:  5    Str: 26    XL:     4   Next: 20%
Magic:  3/3        EV: 10    Int:  4    God:    Trog [**....]
Gold:   145        SH:  0    Dex:  9    Spells: 3/3 levels left

rFire    . . .     SeeInvis .     - Claws (19.8)
rCold    . . .     Gourm    +   (no shield)
rNeg     . . .     Faith    .   (armour unavailable)
rPois    .         Spirit   .   (helmet restricted)
rElec    .         Reflect  .   (no cloak)
rCorr    .         Harm     .   (gloves unavailable)
MR       .....                  (boots unavailable)
Stlth    +.........             (no amulet)
HPRegen  0.54/turn              (no ring)
MPRegen  0.08/turn              (no ring)

@: no status effects
A: large, almost no armour, claws 3, fast metabolism 3, gourmand, regeneration
1, AC +5
a: Berserk, Trog's Hand, Renounce Religion


You were on level 2 of the Dungeon.
You worshipped Trog.
Trog was pleased with you.
You were very full.

You visited 1 branch of the dungeon, and saw 3 of its levels.

You collected 145 gold pieces.

Inventory:

Jewellery
 i - a cursed ring of fire {unknown}
Scrolls
 c - a scroll of enchant armour {unknown}
 h - a scroll of enchant weapon {unknown}
Potions
 a - a potion of haste
 b - 2 potions of flight
 d - a potion of might {unknown}
 f - a potion of lignification {unknown}
Comestibles
 e - 6 rations {!d}
 g - 2 chunks of flesh


   Skills:
 + Level 2.9 Fighting
 - Level 3.0 Dodging
 + Level 4.2 Unarmed Combat


You had 3 spell levels left.
You didn't know any spells.
Your spell library was empty.

Dungeon Overview and Level Annotations

Branches:
Dungeon (3/12)

Altars:


Innate Abilities, Weirdness & Mutations

You cannot wear most types of armour.
Your thick skin is tough. (AC +5)
You are too large for most types of armour.
You have claws for hands.
Your metabolism is lightning-fast.
You like to eat raw meat.
Your natural rate of healing is unusually fast.


Message History

The orc warrior closely misses you.
You barely miss the orc warrior.
The orc warrior is heavily wounded.
The orc warrior closely misses you.
You barely miss the orc warrior.
The orc warrior is heavily wounded.
You scratch the orc warrior but do no damage.
Your claw misses the orc warrior.
The orc warrior is heavily wounded.
The orc warrior barely misses you.
You scratch the orc warrior.
The orc warrior is heavily wounded.
The orc warrior hits you with a +0 morningstar!
You scratch the orc warrior.
The orc warrior is severely wounded.
You barely miss the orc warrior.
The orc warrior is severely wounded.
The orc warrior hits you with a +0 morningstar!!
Ouch! That really hurt!
You die...

###############
######.............#
######...##.###########.#
#...('.o@'...............
##.###...##.###########.#
#.# #...##.###########.#
#.# #...##...........#.#
#.# #...############.#.#
#.# #...############.#.#
#.# #...'...............
#.# #...############.#.#
#.# #.....# #.#.#


You could see an orc warrior.

Vanquished Creatures
  2 adders
  An ooze (D:1)
  2 worms
  2 dart slugs
  2 leopard geckos
  4 orcs (D:3)
  2 giant cockroaches
  2 goblins (D:2)
  6 hobgoblins
  A quokka (D:3)
  5 bats (D:2)
  2 frilled lizards (D:1)
  8 kobolds
  6 rats
45 creatures vanquished.

Notes
Turn   | Place    | Note
-------+----------+-------------------------------------------
     0 | D:1      | Queen the Troll Berserker began the quest for the Orb.
     0 | D:1      | Reached XP level 1. HP: 22/22 MP: 0/0
   225 | D:1      | Reached XP level 2. HP: 21/29 MP: 1/1
   739 | D:2      | Reached XP level 3. HP: 18/36 MP: 2/2
  1078 | D:2      | Reached ** piety under Trog
  1699 | D:3      | Reached skill level 4 in Unarmed Combat
  1701 | D:3      | Gained mutation: Your natural rate of healing is unusually
                  | fast. [Troll growth]
  1701 | D:3      | Reached XP level 4. HP: 44/44 MP: 3/3
  1840 | D:3      | Noticed an orc warrior
  1871 | D:2      | Slain by an orc warrior

Skill      XL: |  1  2  3 |
---------------+----------+-----
Dodging        | 3 |  3.0
Unarmed Combat | 4 |  4.2
Fighting       | |  2.9

Action                   |  1- 3 |  4- 6 || total
-------------------------+-------+-------++-------
Melee: Unarmed           |   111 |    24 ||   135
       Punch             |     1 |       ||     1
  Use: Scroll            |     2 |       ||     2
  Eat: Chunk             |    18 |     1 ||    19
Armor: Skin              |    36 |     2 ||    38
Dodge: Dodged            |    51 |     7 ||    58
